 Dungeon Crawl Stone Soup version 0.27.0-1-g7a089689b8 (webtiles) character file.

Game seed: 3954411139470572766

51 wakim the Insei (level 3, -1/23 HPs)
             Began as an Octopode Transmuter on Aug 10, 2021.
             Shot with a stone by a goblin (2 damage)
             ... on level 3 of the Dungeon.
             The game lasted 00:03:26 (2256 turns).

wakim the Insei (Octopode Transmuter)               Turns: 2256, Time: 00:03:27

Health: -1/23      AC:  1    Str:  9    XL:     3   Next: 81%
Magic:  6/6        EV: 13    Int: 15    God:
Gold:   41         SH:  0    Dex: 13    Spells: 2/6 levels left

rFire    . . .     SeeInvis .     - Unarmed
rCold    . . .     Faith    .   (no shield)
rNeg     . . .     Spirit   .   (helmet currently unavailable)
rPois    .         Reflect  .   (no amulet)
rElec    .         Harm     .   (no ring)
rCorr    .         Rampage  .   (no ring)
Will     .....                  (no ring)
Stlth    ++........             (no ring)
HPRegen  0.07/turn              (no ring)
MPRegen  0.10/turn              (no ring)
                                (no ring)
                                (no ring)

@: appendages (expiring)
A: tentacle spike 3, almost no armour, amphibious, 8 rings, camouflage 1,
gelatinous body 1, (nimble swimmer 1), tentacles
a: End Transformation


You were on level 3 of the Dungeon.
One of your tentacles had grown a beastly spike.
You visited 1 branch of the dungeon, and saw 3 of its levels.

You collected 41 gold pieces.

Inventory:

Missiles
 s - 113 stones
Wands
 v - a wand of flame (11)
Scrolls
 a - a scroll of enchant armour {unknown}
 d - a scroll of amnesia {unknown}
 g - 2 scrolls of acquirement {unknown}
Potions
 c - a potion of heal wounds {unknown}
 e - a potion of might {unknown}
 f - a potion of flight {unknown}


   Skills:
 - Level 1.0 Fighting
 - Level 2.0 Dodging
 + Level 3.3 Unarmed Combat
 + Level 2.3 Spellcasting
 * Level 2.8 Transmutations
 + Level 1.0 Ice Magic
 + Level 1.3 Poison Magic


You had 2 spell levels left.
You knew the following spells:

 Your Spells              Type           Power      Damage    Failure   Level
a - Beastly Appendage     Tmut           20%        N/A       7%          1
x - Spider Form           Tmut/Pois      3%         N/A       28%         3

Your spell library contained the following spells:

 Spells                   Type           Power      Damage    Failure   Level
 Wereblood                Tmut           10%        N/A       11%         2
 Ice Form                 Ice/Tmut       7%         N/A       67%         4


Dungeon Overview and Level Annotations

Branches:
Dungeon (3/15)

Altars:


Innate Abilities, Weirdness & Mutations

One of your tentacles has grown a beastly spike.
You cannot wear most types of armour.
You are amphibious.
You can wear up to eight rings at the same time.
Your skin changes colour to match your surroundings (Stealth+).
Your rubbery body absorbs attacks. (AC +1, EV +1)
((You are camouflaged near water. (Stealth+)))
You have tentacles for arms and can constrict up to eight enemies at once.


Message History

Your transformation is almost over.
The endoplasm freezes you.
You are frozen.
You tentacle-slap the endoplasm.
You kill the endoplasm!
Your tentacle spike disappears.
HP restored.
A goblin comes into view. It is wielding a +0 club.
One of your tentacles grows a vicious spike.
The goblin unwields a +0 club.
The goblin wields a +0 hunting sling.
The goblin shoots a stone.
The stone hits you.
The goblin shoots a stone.
The stone hits you!
You hear an angry hiss.
An adder comes into view.
An orc comes into view. It is wielding a +0 dagger.
You tentacle-slap the adder. Your grab misses the adder.
The adder is heavily wounded.
The adder bites you but does no damage. The adder bites you.
You are poisoned.
The adder poisons you!
You tentacle-slap the adder. Your grab misses the adder.
You pierce the adder.
The adder is almost dead.
You feel sick. The adder closely misses you.
You tentacle-slap the adder.
You kill the adder!
You feel sick.
The goblin shoots a stone.
The stone hits you.
* * * LOW HITPOINT WARNING * * *
Your Ice Magic skill increases to level 1!
* * * LOW HITPOINT WARNING * * *
You feel sick.
It was a potion of curing.
You feel better.
The goblin shoots a stone.
The stone closely misses you.
Your transformation is almost over.
The goblin shoots a stone.
The stone hits you.
* * * LOW HITPOINT WARNING * * *
The goblin shoots a stone.
The stone barely misses you.
The goblin shoots a stone.
The stone hits you.
* * * LOW HITPOINT WARNING * * *
The goblin shoots a stone.
The stone hits you.
You die...

#.# #.#######.
#.# . ..........
#.# ###..
#.######## #.#
..... #.######
#... ....
†..<...# #.#.#
#o. #.####.#
#.##.###g# ..#
#.#
#.####.###...#
### #.#
#......@....## #
#.# ######.######
# #.# #.# #
#.##### #.#
######.#...# ##.#
....<......###..#
##.###.#...#....#
#.# #.##....#..#
#.# #...###....#


You could see a goblin.

Vanquished Creatures
  2 adders
  A dart slug (D:2)
  4 endoplasms
  5 goblins (D:1)
  2 jackals (D:1)
  A kobold (D:2)
  4 ball pythons (D:1)
  5 bats
  A frilled lizard (D:3)
  4 rats (D:1)
29 creatures vanquished.

Notes
Turn   | Place    | Note
-------+----------+-------------------------------------------
     0 | D:1      | wakim the Octopode Transmuter began the quest for the Orb.
     0 | D:1      | Reached XP level 1. HP: 13/13 MP: 3/3
   449 | D:1      | Reached XP level 2. HP: 9/18 MP: 5/5
   641 | D:1      | Found a faded altar of an unknown god.
   995 | D:1      | Reached skill level 1 in Poison Magic
   995 | D:1      | Reached XP level 3. HP: 19/23 MP: 4/6
  1525 | D:2      | Learned a level 3 spell: Spider Form
  2251 | D:3      | Reached skill level 1 in Ice Magic
  2255 | D:3      | HP: 1/23 [goblin/stone (6)]
  2256 | D:3      | Shot with a stone by a goblin

Illustrated notes

Levels and vault maps discovered:
D:1:      minmay_arrival_shattered_statue, layout_basic,
          hellmonk_ecumenical_altar_run_dry
D:2:      layout_basic, chequers_hall_statues_wall_a
D:3:      layout_loops_ring, cheibrodos_worm_habitat, lemuel_blue_sif_altar,
          uniq_jessica, uniq_natasha

Skill      XL: |  1  2  3 |
---------------+----------+-----
Poison Magic   | 1 |  1.3
Ice Magic      | 1 |  1.0
Fighting       | |  1.0
Dodging        | |  2.0
Unarmed Combat | |  3.3
Spellcasting   | |  2.3
Transmutations | |  2.8

Action                   || total
-------------------------++-------
Melee: Unarmed           ||    66
       Constrict         ||    16
       Kick              ||    10
       Tentacles         ||     7
       Punch             ||     2
 Cast: Beastly Appendage ||    20
  Use: Potion            ||     1
 Stab: Sleeping          ||     1
Armor: Skin              ||     6
Dodge: Dodged            ||    43
